 Dungeon Crawl Stone Soup version 0.31.0-32-g396128a36d (webtiles) character file.

Game seed: 17398049721592632085

182 Curundu the Chopper (level 5, 0/48 HPs)
             Began as a Minotaur Berserker on Mar 29, 2024.
             Was a Believer of Trog.
             Slain by Jessica
             ... wielding a +0 club
              (4 damage)
             ... on level 2 of the Dungeon.
             The game lasted 00:02:14 (860 turns).

Curundu the Chopper (Minotaur Berserker)             Turns: 860, Time: 00:02:15

Health: 0/48       AC:  2    Str: 24    XL:     5   Next: 35%
Magic:  4/4        EV: 12    Int:  4    God:    Trog [**....]
Gold:   59         SH:  0    Dex:  9    Spells: 4/4 levels left

rFire   . . .        a - +0 hand axe
rCold   . . .        (no shield)
rNeg    . . .        b - +0 animal skin
rPois   .            (helmet restricted)
rElec   .            (no cloak)
rCorr   .            (no gloves)
SInv    .            (no boots)
Will    .....        (no amulet)
Stlth   +            (no ring)
HPRegen 0.28/turn    (no ring)
MPRegen 0.09/turn

%: no passive effects
@: no status effects
A: horns 2, retaliatory headbutt
a: Renounce Religion, Berserk, Trog's Hand


You were on level 2 of the Dungeon.
You worshipped Trog.
Trog was pleased with you.
You visited 1 branch of the dungeon, and saw 2 of its levels.

You collected 59 gold pieces.

Inventory:

Hand Weapons
 a - a +0 hand axe (weapon)
Missiles
 d - 6 boomerangs (quivered)
Armour
 b - a +0 animal skin (worn)
Scrolls
 c - 2 scrolls of teleportation {unknown}
 e - a scroll of vulnerability {unknown}
Potions
 f - a potion of degeneration {unknown}
 g - a potion of heal wounds {unknown}


   Skills:
 + Level 5.1 Fighting
 + Level 5.6 Axes
 + Level 2.8 Armour
 + Level 3.1 Dodging
 + Level 0.3 Stealth


You had 4 spell levels left.
You didn't know any spells.
Your spell library was empty.

Dungeon Overview and Level Annotations

Branches:
Dungeon (2/15)

Altars:

Annotations:
D:2 Jessica


Innate Abilities, Weirdness & Mutations

You have a pair of horns on your head.
You reflexively headbutt those who attack you in melee.


Message History

You hit the endoplasm.
The endoplasm hits you but does no damage.
Sigmund casts a spell at you. The puff of flame hits you.
You hit Sigmund but do no damage. You headbutt Sigmund.
Sigmund is severely wounded.
You hit Jessica but do no damage. You hit the endoplasm.
You kill the endoplasm!
Trog accepts your kill.
You can now call upon Trog for regeneration and willpower.
Jessica casts a spell at you. Pain shoots through your body!
* * * LOW HITPOINT WARNING * * *
The quokka closely misses you. Sigmund gestures at you while chanting.
The magic dart hits you.
* * * LOW HITPOINT WARNING * * *
You slash Sigmund!
Sigmund is almost dead.
You hit Jessica. You hit the quokka. Jessica closely misses you.
A hobgoblin comes into view.
The quokka bites you.
* * * LOW HITPOINT WARNING * * *
Sigmund says, "Don't worry, I'll kill you fast."
Sigmund closely misses you. You furiously retaliate!
You headbutt Sigmund!
You kill Sigmund!
Trog accepts your kill.
Trog appreciates your killing of a magic user.
Your Fighting skill increases to level 5!
Your Axes skill increases to level 5!
Your Dodging skill increases to level 3!
You have reached level 4!
You feel stronger.
You have reached level 5!
The hobgoblin shouts!
You hit Jessica but do no damage.
Jessica is heavily wounded.
You hit the quokka. The quokka misses you. You furiously retaliate!
You headbutt the quokka. Jessica hits you with a +0 club.
You die...

#...#..#..# #..#.#####.##.#
#...#..#..###..#.#.....##.#
#.............#.#.######.#
#.##......................
.. ##....$...............#
#
..###.#..##.#...#.###.####
.........##.#...#.# #.# #
..###....)......#.# # #
.####.#.@@........ .
.........r.....#.. .
.####[#.##.....#.## ##
#.#.##........ . .....
.....#. . ##.#.# .......
#.#.# ..g..#. # #.# .......
#.# .)...#.


You could see Jessica, a quokka and a hobgoblin.

Vanquished Creatures
  Sigmund (D:2)
  3 ball pythons (D:1)
  3 bats (D:1)
  6 endoplasms
  2 giant cockroaches
  A goblin (D:1)
  3 hobgoblins (D:1)
  A quokka (D:1)
  6 kobolds
  A rat (D:1)
27 creatures vanquished.

Notes
Turn   | Place    | Note
-------+----------+-------------------------------------------
     0 | D:1      | Curundu the Minotaur Berserker began the quest for the Orb.
     0 | D:1      | Reached XP level 1. HP: 19/19 MP: 0/0
    65 | D:1      | Reached XP level 2. HP: 23/27 MP: 1/1
   682 | D:1      | Reached XP level 3. HP: 30/34 MP: 2/2
   829 | D:2      | Noticed Sigmund
   851 | D:2      | Noticed Jessica
   858 | D:2      | Reached ** piety under Trog
   859 | D:2      | Killed Sigmund
   860 | D:2      | Reached skill level 5 in Fighting
   860 | D:2      | Reached skill level 5 in Axes
   860 | D:2      | Reached XP level 4. HP: 3/42 MP: 3/3
   860 | D:2      | Reached XP level 5. HP: 4/48 MP: 4/4
   860 | D:2      | Slain by Jessica

Illustrated notes

Levels and vault maps discovered:
D:1:      lemuel_arrival_broad_hall, layout_loops_ring, solitary_fountain,
          st_stairs_13
D:2:      layout_basic, uniq_sigmund, uniq_jessica

Skill      XL: |  1  2  3 |
---------------+----------+-----
Fighting       | 4 5 |  5.1
Axes           | 4 5 |  5.6
Dodging        | 3 |  3.1
Armour         | |  2.8
Stealth        | |  0.3

Action                     |  1- 3 |  4- 6 || total
---------------------------+-------+-------++-------
  Melee: Hand axe          |    44 |     1 ||    45
         Headbutt          |     3 |       ||     3
 Armour: Animal skin       |    26 |     1 ||    27
  Dodge: Dodged            |    34 |     1 ||    35
